 Dungeon Crawl Stone Soup version 0.28-a0-1638-g9123634e07 (webtiles) character file.

Game seed: 16906223381752762137

914 sanka the Insei (level 8, 0/67 HPs)
             Began as a Gnoll Monk on Jan 25, 2022.
             Was a Believer of Cheibriados.
             Slain by a gnoll sergeant (7 damage)
             ... on level 6 of the Dungeon.
             The game lasted 00:09:40 (6076 turns).

sanka the Insei (Gnoll Monk)                        Turns: 6076, Time: 00:09:40

Health: 0/67       AC:  2    Str: 11 (14) XL:     8   Next: 9%
Magic:  21/21      EV: 18    Int: 14 (16) God:    Cheibriados [**....]
Gold:   206        SH:  0    Dex: 23 (25) Spells: 12/12 levels left

rFire   . . .      SeeInvis .     - Unarmed
rCold   . . .      Faith    .   (no shield)
rNeg    . . .      Spirit   .   a - +0 robe
rPois   .          Reflect  .   (no helmet)
rElec   .          Harm     .   (no cloak)
rCorr   .          Rampage  .   (no gloves)
Will    .....                   (no boots)
Stlth   +++.......              h - amulet of the acrobat
HPRegen 0.21/turn               s - ring of magical power
MPRegen 0.17/turn               i - +6 ring of dexterity

@: very slow
A: fangs 1, strong nose, distributed training
a: Renounce Religion, Bend Time


You were on level 6 of the Dungeon.
You worshipped Cheibriados.
Cheibriados was pleased with you.
You visited 2 branches of the dungeon, and saw 7 of its levels.

You collected 206 gold pieces.


Innate Abilities, Weirdness & Mutations

You have very sharp teeth.
Your uncanny sense of smell can sniff out nearby items.
Your experience applies equally to all skills.


   Skills:
 + Level 7.2 Fighting
 + Level 2.9 Short Blades
 + Level 2.9 Long Blades
 + Level 2.9 Axes
 + Level 2.9 Maces & Flails
 + Level 2.9 Polearms
 + Level 2.9 Staves
 + Level 2.9 Slings
 + Level 2.9 Bows
 + Level 2.9 Crossbows
 + Level 2.9 Throwing
 + Level 2.9 Armour
 + Level 7.2 Dodging
 + Level 5.1 Stealth
 + Level 2.9 Shields
 + Level 7.2 Unarmed Combat
 + Level 2.9 Spellcasting
 + Level 2.3 Conjurations
 + Level 2.3 Hexes
 + Level 2.3 Summonings
 + Level 2.3 Necromancy
 + Level 2.3 Translocations
 + Level 2.3 Transmutations
 + Level 2.3 Fire Magic
 + Level 2.3 Ice Magic
 + Level 2.3 Air Magic
 + Level 2.3 Earth Magic
 + Level 2.3 Poison Magic
 + Level 3.2 Invocations
 + Level 2.9 Evocations


You had 12 spell levels left.
You didn't know any spells.
Your spell library was empty.

Inventory:

Armour
 a - a +0 robe (worn)
 n - a +0 pair of boots
Magical Staves
 t - a staff of earth
Jewellery
 h - an amulet of the acrobat (around neck)
 i - a +6 ring of dexterity (right hand)
 s - a ring of magical power (left hand)
Wands
 q - a wand of iceblast (5)
Scrolls
 b - 3 scrolls of identify {unknown}
 d - 2 scrolls of enchant weapon {unknown}
 e - a scroll of torment {unknown}
 f - 3 scrolls of noise {unknown}
 g - 3 scrolls of teleportation {unknown}
 k - 2 scrolls of enchant armour {unknown}
 l - 2 scrolls of fog {unknown}
 m - a scroll of holy word {unknown}
Potions
 c - a potion of attraction {unknown}
 j - a potion of resistance {unknown}
 o - a potion of heal wounds {@q2}
 p - 2 potions of degeneration {!q}
 r - a potion of mutation {unknown}

Dungeon Overview and Level Annotations

Branches:
Dungeon (6/15)             Temple (1/1) D:5

Altars:
Ashenzari
Cheibriados
Dithmenos
Gozag
Hepliaklqana
Makhleb
Nemelex Xobeh
Okawaru
Qazlal
Ru
Sif Muna
Trog
Uskayaw
Vehumet
Xom
Yredelemnul
Zin
The Shining One

Shops:
D:2 :

Annotations:
D:4 3 runed translucent doors, p0werm0de's ghost, amateur DjCK

▒▒▒ ..▒ ▒.▒
▒▒ ▒g▒ ▒ ▒.
▒g▒ ▒.▒. ▒g▒
▒▒.▒.▒▒g▒▒▒
▒▒....g....▒
+........▒.▒
▒▒.▒...▒▒▒.▒
▒▒.<▒ ▒ ▒▒.▒
▒.▒ ... ▒.▒


You could see a gnoll sergeant and 3 gnolls.


Message History

You hit the gnoll.
You kill the gnoll!
Cheibriados appreciates the change of pace.
The gnoll sergeant hits you from afar with a +0 trident!
* * * LOW HITPOINT WARNING * * *
The gnoll sergeant completely misses you.
The gnoll completely misses you.
The gnoll sergeant completely misses you.
Things that are here:
a +0 spear; a gnoll corpse You hit the gnoll sergeant.
The gnoll sergeant is lightly wounded.
The gnoll completely misses you. The gnoll sergeant closely misses you.
You hit the gnoll sergeant.
The gnoll sergeant is lightly wounded.
The gnoll hits you from afar with a +0 spear.
* * * LOW HITPOINT WARNING * * *
You hit the gnoll sergeant but do no damage.
The gnoll sergeant is lightly wounded.
The gnoll sergeant hits you with a +0 trident!!
* * * LOW HITPOINT WARNING * * *
The gnoll hits you from afar with a +0 spear.
* * * LOW HITPOINT WARNING * * *
Unknown command.
You barely miss the gnoll sergeant.
You bite the gnoll sergeant, but do no damage.
The gnoll sergeant is lightly wounded.
The gnoll sergeant hits you with a +0 trident!
You die...

Action                   |  1- 3 |  4- 6 |  7- 9 || total
-------------------------+-------+-------+-------++-------
Melee: Unarmed           |   108 |   155 |   143 ||   406
       Bite              |    14 |    18 |    28 ||    60
       Punch             |     4 |     8 |     7 ||    19
  Use: Potion            |       |       |     2 ||     2
 Stab: Sleeping          |     6 |     7 |     5 ||    18
Armor: Robe              |     8 |     8 |     5 ||    21
Dodge: Dodged            |    62 |   118 |   106 ||   286

Levels and vault maps discovered:
D:1:      scummos_arrival_forest, layout_rooms, minmay_misc_feat_tiny
D:2:      layout_rooms, hellmonk_ecumenical_altar_blasted, serial_shops, shop,
          grunt_ministairs_15
D:3:      layout_loops_cross, uniq_terence
D:4:      layout_gridville, mainiacjoe_overflow_tiny_flanked,
          gammafunk_ghost_necromancy, minmay_ruined_shrine
D:5:      layout_basic, xom_butterflies, minmay_temple_entry_statues_pillars
D:6:      layout_loops_corners, uniq_menkaure, uniq_maggie
Temple:   lightli_temple_of_artemis

Notes
Turn   | Place    | Note
-------+----------+-------------------------------------------
     0 | D:1      | sanka the Gnoll Monk began the quest for the Orb.
     0 | D:1      | Reached XP level 1. HP: 23/23 MP: 1/1
   183 | D:1      | Reached XP level 2. HP: 24/29 MP: 2/2
   527 | D:1      | Reached XP level 3. HP: 30/35 MP: 3/3
   921 | D:2      | Found a faded altar of an unknown god.
   924 | D:2      | Reached skill level 1 in Invocations
   950 | D:2      | Found Beoheup's Book Shop.
  1065 | D:2      | Reached skill level 1 in Short Blades
  1065 | D:2      | Reached skill level 1 in Long Blades
  1065 | D:2      | Reached skill level 1 in Axes
  1065 | D:2      | Reached skill level 1 in Maces & Flails
  1065 | D:2      | Reached skill level 1 in Polearms
  1065 | D:2      | Reached skill level 1 in Staves
  1065 | D:2      | Reached skill level 1 in Slings
  1065 | D:2      | Reached skill level 1 in Bows
  1065 | D:2      | Reached skill level 1 in Crossbows
  1065 | D:2      | Reached skill level 1 in Throwing
  1065 | D:2      | Reached skill level 1 in Armour
  1065 | D:2      | Reached skill level 1 in Shields
  1065 | D:2      | Reached skill level 1 in Spellcasting
  1065 | D:2      | Reached skill level 1 in Evocations
  1180 | D:2      | Reached XP level 4. HP: 40/41 MP: 5/5
  1337 | D:2      | Reached skill level 1 in Conjurations
  1337 | D:2      | Reached skill level 1 in Hexes
  1337 | D:2      | Reached skill level 1 in Summonings
  1337 | D:2      | Reached skill level 1 in Necromancy
  1337 | D:2      | Reached skill level 1 in Translocations
  1337 | D:2      | Reached skill level 1 in Transmutations
  1337 | D:2      | Reached skill level 1 in Fire Magic
  1337 | D:2      | Reached skill level 1 in Ice Magic
  1337 | D:2      | Reached skill level 1 in Air Magic
  1337 | D:2      | Reached skill level 1 in Earth Magic
  1337 | D:2      | Reached skill level 1 in Poison Magic
  1731 | D:3      | Reached XP level 5. HP: 47/47 MP: 6/6
  2058 | D:3      | Noticed Terence
  2103 | D:3      | Killed Terence
  2498 | D:4      | Noticed an ogre
  2511 | D:4      | Killed an ogre
  2512 | D:4      | Reached skill level 2 in Invocations
  2512 | D:4      | Reached XP level 6. HP: 53/53 MP: 8/8
  2727 | D:4      | Reached skill level 2 in Short Blades
  2727 | D:4      | Reached skill level 2 in Long Blades
  2727 | D:4      | Reached skill level 2 in Axes
  2727 | D:4      | Reached skill level 2 in Maces & Flails
  2727 | D:4      | Reached skill level 2 in Polearms
  2727 | D:4      | Reached skill level 2 in Staves
  2727 | D:4      | Reached skill level 2 in Slings
  2727 | D:4      | Reached skill level 2 in Bows
  2727 | D:4      | Reached skill level 2 in Crossbows
  2727 | D:4      | Reached skill level 2 in Throwing
  2727 | D:4      | Reached skill level 2 in Armour
  2727 | D:4      | Reached skill level 2 in Shields
  2727 | D:4      | Reached skill level 2 in Spellcasting
  2727 | D:4      | Reached skill level 2 in Evocations
  2972 | D:4      | Found a basalt altar of Yredelemnul.
  3098 | D:4      | Found a runed translucent gate.
  3098 | D:4      | Found a runed translucent gate.
  3098 | D:4      | Found a runed translucent gate.
  3103 | D:4      | Noticed p0werm0de's ghost (amateur DjCK)
  3388 | D:4      | Found a shimmering blue altar of Sif Muna.
  3461 | D:4      | Reached XP level 7. HP: 49/59 MP: 10/10
  3746 | D:5      | Entered Level 5 of the Dungeon
  3803 | D:5      | Reached skill level 7 in Fighting
  3803 | D:5      | Reached skill level 7 in Dodging
  3803 | D:5      | Reached skill level 7 in Unarmed Combat
  4373 | D:5      | Reached skill level 2 in Conjurations
  4373 | D:5      | Reached skill level 2 in Hexes
  4373 | D:5      | Reached skill level 2 in Summonings
  4373 | D:5      | Reached skill level 2 in Necromancy
  4373 | D:5      | Reached skill level 2 in Translocations
  4373 | D:5      | Reached skill level 2 in Transmutations
  4373 | D:5      | Reached skill level 2 in Fire Magic
  4373 | D:5      | Reached skill level 2 in Ice Magic
  4373 | D:5      | Reached skill level 2 in Air Magic
  4373 | D:5      | Reached skill level 2 in Earth Magic
  4373 | D:5      | Reached skill level 2 in Poison Magic
  4563 | D:5      | Found a shimmering altar of Xom.
  4756 | D:5      | Reached skill level 5 in Stealth
  4787 | D:5      | Reached skill level 3 in Invocations
  5331 | D:5      | Reached XP level 8. HP: 58/67 MP: 12/12
  5427 | D:5      | Found a staircase to the Ecumenical Temple.
  5514 | Temple   | Entered the Ecumenical Temple
  5605 | Temple   | Became a worshipper of Cheibriados the Contemplative
  5605 | Temple   | Reached * piety under Cheibriados
  5605 | Temple   | Reached ** piety under Cheibriados
  6076 | D:6      | Slain by a gnoll sergeant

Vanquished Creatures
  2 ogres (D:4)
  A centaur (D:5)
  A scorpion (D:5)
  A water moccasin skeleton (D:5)
  2 hounds
  2 orc priests
  A bullfrog skeleton (D:5)
  Terence (D:3)
  2 iguanas
  3 orc wizards (D:5)
  2 hound skeletons
  4 gnolls
  5 adders
  2 white imps (D:5)
  3 worms
  2 dart slugs
  11 orcs
  10 endoplasms
  3 giant cockroaches
  13 goblins
  5 hobgoblins
  11 jackals
  3 quokkas
  9 ball pythons
  8 bats
  5 frilled lizards
  6 kobolds
  5 rats
123 creatures vanquished.
